 Dungeon Crawl Stone Soup version 0.27.1-1-g398f81649c (webtiles) character file.

Game seed: 8395664769331347624

3 greenlake the Ruffian (level 1, -1/16 HPs)
             Began as a Draconian Transmuter on Sept 14, 2021.
             Slain by an adder (4 damage)
             ... on level 2 of the Dungeon.
             The game lasted 00:00:44 (78 turns).

greenlake the Ruffian (Draconian Transmuter)          Turns: 78, Time: 00:00:44

Health: -1/16      AC:  4    Str: 12    XL:     1   Next: 41%
Magic:  2/3        EV: 12    Int: 13    God:
Gold:   13         SH:  0    Dex: 11    Spells: 3/4 levels left

rFire    . . .     SeeInvis .     - Unarmed
rCold    . . .     Faith    .   (no shield)
rNeg     . . .     Spirit   .   (armour unavailable)
rPois    .         Reflect  .   (helmet currently unavailable)
rElec    .         Harm     .   (no cloak)
rCorr    .         Rampage  .   (no gloves)
Will     .....                  (boots currently unavailable)
Stlth    +.........             (no amulet)
HPRegen  0.05/turn              (no ring)
MPRegen  0.08/turn              (no ring)

@: appendages
A: horns 2, talons 2, AC +4, unfitting armour, cold-blooded
a: End Transformation


You were on level 2 of the Dungeon.
You had temporarily grown beastly horns and talons.
You visited 1 branch of the dungeon, and saw 2 of its levels.

You collected 13 gold pieces.

You aren't carrying anything.


   Skills:
 + Level 1.2 Fighting
 + Level 1.8 Dodging
 + Level 3.0 Unarmed Combat
 + Level 2.0 Spellcasting
 + Level 2.0 Transmutations


You had 3 spell levels left.
You knew the following spells:

 Your Spells              Type           Power      Damage    Failure   Level
a - Beastly Appendage     Tmut           12%        N/A       11%         1

Your spell library contained the following spells:

 Spells                   Type           Power      Damage    Failure   Level
 Wereblood                Tmut           6%         N/A       16%         2
 Spider Form              Tmut/Pois      2%         N/A       45%         3
 Ice Form                 Ice/Tmut       4%         N/A       86%         4


Dungeon Overview and Level Annotations

Branches:
Dungeon (1/15)

Altars:


Innate Abilities, Weirdness & Mutations

You have temporarily grown beastly horns and talons.
Your plain brown scales are hard. (AC +4)
You cannot fit into any form of body armour.
You are cold-blooded and may be slowed by cold attacks.


Message History

An adder comes into view.
You hit the adder.
The adder is moderately wounded.
The adder bites you.
You are poisoned.
The adder poisons you!
You miss the adder.
The adder is moderately wounded.
You feel sick. The adder bites you but does no damage.
The adder completely misses you.
You closely miss the adder.
The adder is moderately wounded.
You feel sick. The adder bites you but does no damage.
You hit the adder.
The adder is heavily wounded.
You feel sick. The adder bites you but does no damage.
You hit the adder.
Your tail-slap misses the adder.
The adder is almost dead.
You feel sick. The adder bites you.
Casting: Beastly Appendage (safe; 11% risk of failure)
Confirm with . or Enter, or press ? or * to list all spells.
You grow a pair of large bovine horns.
Your feet morph into talons.
You feel sick. The adder misses you. The adder barely misses you.
Unknown command.
You closely miss the adder.
The adder is almost dead.
You feel sick.
You are no longer poisoned.
The adder closely misses you.
You closely miss the adder.
The adder is almost dead.
The adder closely misses you.
You closely miss the adder. Your kick misses the adder.
The adder is almost dead.
The adder bites you but does no damage.
You barely miss the adder. Your kick misses the adder.
Your tail-slap misses the adder.
The adder is almost dead.
The adder bites you but does no damage. The adder bites you.
You die...

#.#######
#....S@.#
#######.#
#.# #.#
###.###
#.....#
#.....#
#.....#
#.....#


You could see an adder.

Vanquished Creatures
  2 endoplasms
  A ball python (D:1)
3 creatures vanquished.

Notes
Turn   | Place    | Note
-------+----------+-------------------------------------------
     0 | D:1      | greenlake the Draconian Transmuter began the quest for the
                  | Orb.
     0 | D:1      | Reached XP level 1. HP: 16/16 MP: 3/3
    55 | D:1      | You fall into a shaft and drop 1 floor!
    78 | D:2      | Slain by an adder

Illustrated notes

Levels and vault maps discovered:
D:1:      eino_arrival_cavern_b, layout_basic,
          hellmonk_ecumenical_altar_slurped_away
D:2:      layout_loops_ring, kennysheep_generic_room_12

Action                   || total
-------------------------++-------
Melee: Unarmed           ||    18
       Kick              ||     1
       Tailslap          ||     1
       Punch             ||     1
 Cast: Beastly Appendage ||     2
Armor: Skin              ||     5
Dodge: Dodged            ||     8
